 Dungeon Crawl Stone Soup version 0.25.1-2-g60ff931df9 (webtiles) character file.

Game seed: 7092018890207640991

17013326 maxfaust the Bringer of Light (level 27, 204/204 HPs)
             Began as a Gargoyle Fighter on Oct 30, 2020.
             Was the Champion of the Shining One.
             Escaped with the Orb
             ... and 15 runes on Oct 31, 2020!
             The game lasted 06:38:36 (91321 turns).

maxfaust the Bringer of Light (Gargoyle Fighter)   Turns: 91321, Time: 06:38:36

Health: 204/204    AC: 70    Str: 33    XL:     27
Magic:  40/40      EV: 21    Int: 12    God:    the Shining One [******]
Gold:   4776       SH: 31    Dex: 15    Spells: 26/26 levels left

rFire    + + +     SeeInvis +   Z - +9 broad axe (holy)
rCold    + + +     Gourm    .   u - +2 tower shield {rC+}
rNeg     + + +     Faith    .   U - +12 gold dragon scales
rPois    ∞         Spirit   .   R - -2 hat of the Alchemist {rElec rPois rF+ rC+ rN+ MR+ rMut rCorr}
rElec    +         Reflect  .   x - +2 cloak {MR+}
rCorr    +         Harm     .   c - +2 pair of gloves {Str+3}
rMut     +                      b - +1 pair of boots {Stlth+}
MR       +++++                  s - amulet "Vazeun" {rN+ Regen+ Slay+3}
Stlth    ..........             A - ring of Scepticism {rF+ MR+}
HPRegen  1.24/turn              k - ring of Befej {Dex+6 SInv}
MPRegen  0.27/turn

@: flying, hasted, glowing, very quick
A: big wings, talons 1, rugged brown scales 1, blink, negative energy resistance
1, regeneration 1, electricity resistance, unbreathing, petrification
resistance, rot immunity, AC +20
0: Orb of Zot
}: 15/15 runes: barnacled, slimy, silver, golden, iron, obsidian, icy, bone,
abyssal, demonic, glowing, magical, fiery, dark, gossamer
a: Stop Flying, Blink, Divine Shield, Cleansing Flame, Summon Divine Warrior,
Renounce Religion


You escaped.
You worshipped the Shining One.
The Shining One was exalted by your worship.
You were very full.

You visited 18 branches of the dungeon, and saw 89 of its levels.
You visited Pandemonium 2 times, and saw 15 of its levels.
You visited the Abyss 2 times.
You also visited: Ossuary, Gauntlet and Wizlab.

You collected 11403 gold pieces.
You spent 6627 gold pieces at shops.

Inventory:

Hand Weapons
 X - the +10 morningstar "Eos" {elec, Halo rElec}
   (You found it in a wizard's laboratory)

   Occasionally, upon striking a foe, it will discharge some electrical energy
   and cause terrible harm.
   It insulates you from electricity.
 Z - a +9 broad axe of holy wrath (weapon)
Armour
 b - a +1 pair of boots of stealth (worn)
 c - a +2 pair of gloves of strength (worn)
 n - a +1 kite shield of resistance
 q - a +2 tower shield of reflection
 u - a +2 tower shield of cold resistance (worn)
 x - a +2 cloak of magic resistance (worn)
 R - the -2 hat of the Alchemist (worn) {rElec rPois rF+ rC+ rN+ MR+ rMut rCorr}
   (You found it on level 2 of the Depths)

   It protects you from fire.
   It protects you from cold.
   It insulates you from electricity.
   It protects you from poison.
   It protects you from negative energy.
   It affects your resistance to hostile enchantments.
   It provides partial protection from all sources of acid and corrosion.
   It protects you from mutation.
 U - +12 gold dragon scales (worn)
Jewellery
 k - the ring of Befej (right hand) {Dex+6 SInv}
   (You found it in Pandemonium)

   [ring of dexterity]

   It affects your dexterity (+6).
   It lets you see invisible.
 l - an uncursed ring of protection from magic
 p - the ring of Ciry {rCorr Dex+3}
   (You found it in a wizard's laboratory)

   [ring of resist corrosion]

   It affects your dexterity (+3).
   It provides partial protection from all sources of acid and corrosion.
 s - the amulet "Vazeun" (around neck) {rN+ Regen+ Slay+3}
   (You took it off a deep elf mage on level 1 of the Elven Halls)

   [amulet of regeneration]

   It affects your accuracy and damage with ranged weapons and melee attacks
   (+3).
   It protects you from negative energy.
   It increases your rate of regeneration.
 y - an uncursed amulet of reflection
 A - the ring of Scepticism (left hand) {rF+ MR+}
   (You found it on level 5 of the Vaults)

   [ring of protection from fire]

   It protects you from fire.
   It affects your resistance to hostile enchantments.
 E - the ring "Celat" {rF+ Stlth+}
   (You took it off a deep elf demonologist on level 3 of the Elven Halls)

   [ring of stealth]

   It protects you from fire.
   It makes you more stealthy.
 G - the amulet of Jexkofac {Acrobat rC+ Dex+3}
   (You found it on level 2 of the Realm of Zot)

   [amulet of the acrobat]

   It helps you evade while moving and waiting.
   It affects your dexterity (+3).
   It protects you from cold.
 N - an uncursed ring of protection from cold
Wands
 J - a wand of digging (35)
Scrolls
 e - 39 scrolls of teleportation
 i - 27 scrolls of identify
 j - a scroll of magic mapping
 o - 14 scrolls of blinking
 r - 21 scrolls of remove curse
 t - 4 scrolls of enchant armour
 w - 11 scrolls of fog
 M - 2 scrolls of summoning
 O - 2 scrolls of holy word
Potions
 d - 10 potions of magic
 g - 13 potions of heal wounds
 h - 26 potions of curing
 z - 5 potions of resistance
 D - 2 potions of cancellation
 P - 6 potions of mutation
Miscellaneous
 C - a figurine of a ziggurat
Comestibles
 f - 103 rations


   Skills:
 O Level 27 Fighting
 + Level 23.0(23.8) Axes
 - Level 13.0(20.3) Maces & Flails
 O Level 27 Armour
 * Level 22.0 Dodging
 O Level 27 Shields
 O Level 27 Invocations


You had 26 spell levels left.
You didn't know any spells.
Your spell library contained the following spells:

 Spells                   Type           Power        Failure   Level  Hunger
 Corona                   Hex            #......      83%         1    ##.....
 Foxfire                  Conj/Fire      #...         83%         1    ##.....
 Freeze                   Ice            #...         83%         1    ##.....
 Magic Dart               Conj           #...         83%         1    ##.....
 Blink                    Tloc           N/A          92%         2    ###....
 Call Imp                 Summ           #.......     92%         2    ###....
 Slow                     Hex            #.......     92%         2    ###....
 Conjure Flame            Conj/Fire      #.......     99%         3    ####...
 Frozen Ramparts          Ice            #.....       99%         3    ####...
 Inner Flame              Hex/Fire       #.......     99%         3    ####...
 Mephitic Cloud           Conj/Pois/Air  #.......     99%         3    ####...
 Ozocubu's Armour         Chrm/Ice       #.......     99%         3    ####...
 Portal Projectile        Hex/Tloc       #.....       99%         3    ####...
 Cause Fear               Hex            #.........   100%        4    #####..
 Hailstorm                Conj/Ice       #.......     100%        4    #####..
 Leda's Liquefaction      Hex/Erth       #.........   100%        4    #####..
 Sticky Flame             Conj/Fire      #.......     100%        4    #####..
 Summon Ice Beast         Ice/Summ       #.......     100%        4    #####..
 Fireball                 Conj/Fire      #.........   100%        5    ######.


Dungeon Overview and Level Annotations

Branches:
Dungeon (15/15)            Temple (1/1) D:6            Lair (6/6) D:11
 Shoals (4/4) Lair:3       Spider (4/4) Lair:4        Slime (5/5) Lair:6
    Orc (2/2) D:10            Elf (3/3) Orc:2        Vaults (5/5) D:13
  Crypt (3/3) Vaults:3       Tomb (3/3) Crypt:3      Depths (5/5) D:15
   Hell (visited)             Dis (7/7) Hell            Geh (7/7) Hell
    Coc (7/7) Hell            Tar (7/7) Hell            Zot (5/5) Depths:5
Ossuary (visited)          WizLab (visited)         Gauntlet (visited)

Altars:
Ashenzari
Cheibriados
Dithmenos
Elyvilon
Fedhas
Gozag
Hepliaklqana
Kikubaaqudgha
Makhleb
Nemelex Xobeh
Okawaru
Qazlal
Ru
Sif Muna
Trog
Uskayaw
Vehumet
Wu Jian
Xom
Yredelemnul
Zin
The Shining One
Beogh
Jiyva
Lugonu

Shops:
D:14 (   D:15 %   Orc:2 *%((   Shoals:2 (*   Vaults:2 %   Vaults:4 *
Vaults:5 ?%!?%???   Depths:5 }=}*

Portals:
Hell: Depths:1 Depths:2 Depths:3 Depths:4 Depths:5
Abyss: Depths:4
Pandemonium: Depths:2 Depths:3
Ziggurat: Depths:1

Annotations:
Elf:2 Roxanne


Innate Abilities, Weirdness & Mutations

You are resistant to torment.
Your stone body is resilient. (AC +20)
You are immune to poison.
Your large and strong wings let you fly indefinitely.
You resist negative energy. (rN+)
You are resistant to electric shocks. (rElec)
You can survive without breathing.
You are immune to petrification.
You are immune to rotting.
You have sharp toenails.
You are partially covered in rugged brown scales. (AC +1, +3% HP)
You can translocate small distances at will.
Your natural rate of healing is unusually fast.


Message History

2 stones; a +0 club
There is a stone staircase leading up here.
You fly upwards.
There is a stone staircase leading down here.
You feel yourself speed up.
Evoke which item? (* to show all) (? for menu, Esc to quit)
Aiming: Dig
Press: ? - help, Shift-Dir - straight line A rock wall.
This square is lit by a halo and is covered in magical glow.
The rock shatters into small pieces.
Evoke which item? (* to show all) (? for menu, Esc to quit)
Aiming: Dig
Press: ? - help, Shift-Dir - straight line You can't see that place. [a rock wall.]
The rock shatters into small pieces.
There is an open door here.
There is a staircase leading out of the dungeon here.
You have escaped!

.#.........# #.+.........#
.##.#####..# #.+.........#
.##..##....# #.+.........#
.##.#.################...#
.##.##..#......'.....#...#
..#.....#......'.....#...#
..#####........'.....#...#
..#####.#...######...#...#
..##....#......'@#...#(..#
..##.####...#..###'''#'''#
#.##.# #'''#''##....#...#
#.##.# #...#...'....#...#
..##.## #...#...'....#...#
...#..# #...#...'....#...#
##.##.# #...##########...#
#.##.# #.......'........#
#....# #.......'........#


There were no monsters in sight!

Vanquished Creatures
  Cerebov (Pan)
  Asmodeus (Geh:7)
  Antaeus (Coc:7)
  the Royal Jelly (Slime:5)
  Ereshkigal (Tar:7)
  Gloorx Vloq (Pan)
  Lom Lobon (Pan)
  Dispater (Dis:7)
  Mara (Depths:1)
  4 orbs of fire
  Mennas (Pan)
  5 ancient liches
  A juggernaut (Depths:5)
  Sojobo (Vaults:3)
  The ghost of Osipn the Impregnable, a veteran MiGl of Hepliaklqana (Crypt:3)
  Bai Suzhen (Depths:1)
  Saint Roka (Crypt:3)
  3 shard shrikes
  33 greater mummies
  Frederick (Crypt:1)
  12 Killer Klowns
  A curse toe (Zot:4)
  Geryon (Hell)
  the Enchantress (Depths:4)
  11 golden dragons
  8 bone dragons
  Jory (Crypt:2)
  4 electric golems
  8 Tzitzimimeh
  2 doom hounds
  5 pandemonium lords (Pan)
  15 Brimstone Fiends
  13 Ice Fiends
  25 tentacled monstrosities
  8 Hell Sentinels
  7 liches
  Rupert (D:13)
  23 titans
  Murray (Hell)
  Asterion (Elf:2)
  28 Orb Guardians
  16 quicksilver dragons
  9 deep elf blademasters
  A moon troll (WizLab)
  6 deep elf master archers
  10 tentacled starspawn (WizLab)
  19 ancient champions
  Frances (D:12)
  11 sphinxes
  14 Executioners
  17 acid blobs
  15 tengu reavers
  A kraken (Shoals:1)
  An eldritch tentacle (Pan)
  8 death cobs
  The ghost of Yakesh the Executioner, an adept MiFi of Gozag (Elf:1)
  Donald (Vaults:2)
  Kirke (D:15)
  18 storm dragons
  5 revenants
  27 shadow dragons
  4 draconian monks
  9 azure jellies
  25 fire giants
  3 blood saints (Pan)
  2 draconian knights
  Aizul (Shoals:2)
  13 iron dragons
  9 emperor scorpions
  6 draconian scorchers
  9 ghost moths
  12 vault wardens
  20 frost giants
  5 draconian stormcallers
  4 deep elf sorcerers (Elf:3)
  7 cacodemons
  20 balrugs
  9 draconian shifters
  6 deep elf elementalists (Elf:3)
  2 curse skulls (Pan)
  9 draconian annihilators
  14 ironheart preservers
  A ghoul (Crypt:3)
  12 war gargoyles
  30 reapers
  20 very ugly things
  4 spriggan defenders
  14 bennus
  3 elemental wellsprings
  6 corrupters (Pan)
  2 angels
  2 apis (Depths:2)
  39 stone giants
  3 entropy weavers (Spider:4)
  7 vampire knights
  10 deep elf demonologists
  7 green draconians
  8 red draconians
  11 black draconians
  12 deep elf annihilators
  A minotaur (shapeshifter) (Vaults:5)
  14 white draconians
  9 spark wasps
  2 black suns (Pan)
  12 purple draconians
  10 yellow draconians
  3 eidola
  18 blizzard demons
  19 ettins
  4 merfolk javelineers (Shoals:4)
  3 crystal guardians
  12 jiangshi
  3 merfolk impalers
  8 deep elf death magi
  A quicksilver dragon zombie (Geh:7)
  9 green deaths
  4 deep elf high priests
  7 death oozes
  9 fire dragons
  21 yaktaur captains
  26 ice dragons
  39 mummy priests
  Josephine (D:12)
  2 great orbs of eyes (shapeshifter) (Abyss:3)
  3 kraken zombies
  8 rakshasas
  23 great orbs of eyes
  31 vault guards
  2 naga warriors (Abyss:1)
  4 quicksilver dragon skeletons
  3 catoblepae
  A hell beast (Pan)
  6 hydras
  2 spriggan air magi
  6 monstrous demonspawn
  3 juggernaut simulacra
  Harold (D:10)
  Erica (D:8)
  3 merfolk avatars (Shoals:4)
  11 death yaks
  A queen ant (shapeshifter) (Vaults:4)
  7 deep troll shamans
  An alligator snapping turtle (Shoals:4)
  10 centaur warriors
  2 two-headed ogres (shapeshifter)
  3 death knights
  5 merfolk aquamancers (Shoals:4)
  3 satyrs (Depths:4)
  26 dancing weapons
  55 two-headed ogres
  24 hell hogs
  6 tengu warriors
  72 death scarabs
  A queen ant (Spider:4)
  23 ogre magi
  4 titan zombies
  10 vampire magi
  6 holy swine (Pan)
  6 thrashing horrors
  37 sun demons
  6 spriggan berserkers
  5 deep troll earth magi
  3 shock serpents (Pan)
  11 iron golems (Dis:7)
  8 hell knights
  25 soul eaters
  36 deep elf knights
  7 titan skeletons
  A death drake (shapeshifter) (Vaults:5)
  7 sixfirhies
  5 wretched stars
  10 iron trolls
  14 shadow wraiths
  78 skeletal warriors
  2 storm dragon zombies
  A fire crab (D:14)
  2 golden dragon zombies
  An infernal demonspawn (D:15)
  15 sea snakes
  3 storm dragon skeletons
  3 anaconda zombies
  8 shadow demons
  A death drake (Abyss:1)
  2 gelid demonspawn (Pan)
  6 glowing orange brains
  3 quicksilver dragon simulacra
  A deep troll (shapeshifter) (Vaults:5)
  11 unseen horrors
  23 deep elf archers
  A ghost moth zombie (Dis:7)
  5 flayed ghosts
  20 deep trolls
  2 obsidian statues (Zot:5)
  3 orange crystal statues
  11 wizards
  11 starcursed masses
  A kraken simulacrum (Shoals:4)
  A swamp dragon (Lair:4)
  3 shadow dragon zombies
  5 anaconda skeletons
  17 orc knights
  3 golden dragon skeletons
  Pikel (D:6)
  14 harpies
  7 ironbrand convokers
  11 necromancers
  20 large abominations
  10 phantasmal warriors
  28 ugly things
  A mana viper (shapeshifter) (Depths:3)
  A shining eye (shapeshifter) (Abyss:3)
  4 frost giant zombies
  8 shadow dragon skeletons
  24 wolf spiders
  83 deep elf magi
  9 fire giant zombies
  5 wolf spider zombies
  6 orc sorcerers
  A tengu skeleton (Vaults:5)
  10 cyclopes
  22 orb spiders
  2 salamanders (Depths:4)
  14 manticores
  3 fauns (shapeshifter)
  4 iron dragon zombies
  12 shining eyes
  2 stone giant zombies
  7 fauns
  3 worldbinders (Abyss:2)
  20 moths of wrath
  5 human skeletons
  2 iron dragon skeletons
  A salamander (shapeshifter) (Vaults:1)
  12 vault sentinels
  2 frost giant skeletons
  7 stone giant skeletons
  3 fire giant skeletons
  4 merfolk sirens
  10 rust devils
  2 apocalypse crabs (Abyss:2)
  9 black mambas
  7 water nymphs
  2 guardian serpents (shapeshifter) (Abyss:3)
  14 elephants
  An alligator snapping turtle zombie (Crypt:3)
  12 eyes of devastation
  An eye of devastation (shapeshifter) (Depths:2)
  A spiny frog (shapeshifter) (Vaults:5)
  4 ice statues (Pan)
  2 gargoyles
  3 torpor snails
  A human zombie (Vaults:1)
  A naga mage (Depths:2)
  10 molten gargoyles
  Maggie (D:7)
  12 spiny frogs
  15 hellions
  28 smoke demons
  14 orange demons
  A rime drake (Lair:1)
  2 catoblepas zombies
  4 efreet
  46 yaktaurs
  A dire elephant skeleton (Crypt:3)
  20 tormentors
  A yaktaur zombie (Vaults:1)
  14 demonic crawlers
  4 komodo dragons
  4 emperor scorpion zombies
  2 kobold demonologists (D:12)
  A komodo dragon (shapeshifter) (Vaults:5)
  A yaktaur skeleton (Vaults:3)
  A white draconian skeleton (Crypt:3)
  19 freezing wraiths
  5 ancient zymes
  13 ice devils
  3 anaconda simulacra
  23 red devils
  A silent spectre (Tar:1)
  7 tengu conjurers
  44 guardian mummies
  23 hellwings
  35 jumping spiders
  A catoblepas skeleton (Geh:7)
  2 polar bears (Lair:6)
  7 hydra zombies
  3 meliai (D:15)
  A jumping spider (shapeshifter) (Vaults:5)
  A meliai (shapeshifter) (Depths:3)
  11 trolls
  5 hydra skeletons
  16 merfolk
  6 wind drakes
  5 ettin zombies
  A hippogriff (shapeshifter) (Vaults:3)
  11 hornets
  79 slime creatures
  3 harpy skeletons
  A dream sheep (shapeshifter) (Depths:2)
  7 hippogriffs
  6 raiju
  6 fire dragon zombies
  11 dream sheep
  An ice dragon zombie (Hell)
  10 snapping turtles
  19 blink frogs
  3 alligator zombies
  A human simulacrum (Vaults:2)
  A spriggan (shapeshifter) (Vaults:2)
  70 flying skulls
  A black mamba zombie (Coc:4)
  10 ynoxinuls
  7 air elementals
  23 water elementals
  14 spriggans
  An ice dragon skeleton (Geh:2)
  19 ushabtiu
  60 redbacks
  14 tarantellas
  2 tarantellas (shapeshifter)
  5 ettin skeletons
  12 shadows
  2 redbacks (shapeshifter)
  58 yaks
  Sigmund (D:2)
  5 vampires
  A fire dragon skeleton (Coc:7)
  2 wyverns
  4 hogs (D:15)
  A hog (shapeshifter) (Vaults:2)
  6 basilisks
  19 fire elementals
  22 golden eyes
  29 wraiths
  2 yaktaur simulacra (Vaults:3)
  4 vampire mosquitoes
  5 chaos spawn
  9 neqoxecs
  3 harpy simulacra
  5 hungry ghosts
  4 insubstantial wisps (Abyss:3)
  5 wargs
  Edmund (D:6)
  A naga (shapeshifter) (Depths:2)
  A two-headed ogre zombie (D:10)
  A deep troll zombie (Crypt:2)
  26 soldier ants
  3 acid dragons
  9 water moccasins
  2 hydra simulacra
  5 spiny frog zombies
  A water moccasin (shapeshifter) (Vaults:4)
  3 floating eyes
  28 hell hounds
  A merfolk skeleton (Coc:7)
  38 orc warriors
  3 sky beasts
  A slave (D:6)
  2 spiny frog skeletons
  7 porcupines
  A sky beast (shapeshifter) (Depths:1)
  7 black bears
  A manticore zombie (Coc:2)
  12 necrophages
  8 ice beasts
  2 snapping turtle zombies
  10 eyes of draining
  An ice dragon simulacrum (Hell)
  79 ogres
  A fire dragon simulacrum (Crypt:1)
  9 phantoms
  17 wolves (Lair:6)
  31 centaurs
  6 boggarts
  4 snapping turtle skeletons
  A swamp dragon zombie (Geh:7)
  14 crocodiles
  A manticore skeleton (Tar:3)
  A salamander zombie (Crypt:1)
  17 bullfrogs
  5 big kobolds
  A cyclops zombie (Crypt:3)
  An earth elemental (Elf:1)
  A torturous demonspawn simulacrum (Crypt:3)
  A wyvern zombie (D:13)
  A hippogriff skeleton (Crypt:3)
  5 scorpions
  6 small abominations
  A troll zombie (D:10)
  8 killer bees
  10 howler monkeys
  48 wights
  2 electric eels
  6 crimson imps
  6 centaur zombies
  3 quasits
  5 iron imps
  3 jellies
  A basilisk zombie (Crypt:2)
  2 hounds
  22 orc priests
  31 orc wizards
  7 iguanas
  Jessica (D:2)
  4 centaur skeletons
  6 hell rats (Lair:5)
  34 worker ants
  Terence (D:2)
  A killer bee zombie (D:2)
  7 ogre zombies
  An acid dragon skeleton (Crypt:1)
  An ogre skeleton (Crypt:1)
  A hound zombie (D:6)
  2 hound skeletons
  Robin (D:2)
  69 mummies
  A worker ant zombie (D:7)
  13 adders
  4 gnolls (Orc:1)
  A scorpion zombie (Crypt:2)
  7 shadow imps
  3 white imps
  An ufetubus (Abyss:1)
  2 oozes
  2 adder skeletons
  An iguana skeleton (Crypt:3)
  2 worms
  2 dart slugs (D:1)
  10 leopard geckos
  77 orcs
  6 bats
  7 giant cockroaches
  10 goblins
  9 hobgoblins
  8 jackals
  4 quokkas
  A ball python (D:4)
  2 ball python zombies (Crypt:2)
  3 frilled lizards
  A frilled lizard zombie (Crypt:2)
  A gnoll skeleton (Ossuary)
  A goblin skeleton (Ossuary)
  A goblin zombie (D:10)
  4 hobgoblin skeletons
  3 hobgoblin zombies (D:10)
  A jackal skeleton (D:8)
  2 jackal zombies
  37 kobolds
  5 kobold skeletons
  A leopard gecko skeleton (D:6)
  6 orc skeletons
  15 orc zombies (D:10)
  A quokka zombie (D:6)
  12 rats
  12 rat skeletons
  A bush (Lair:4)
  2 crawling corpses (Vaults:5)
  2 fire vortices (Pan)
  5 fungi
  A lurking horror (Abyss:3)
  25 plants
  16 starspawn tentacles (WizLab)
  10 tentacles
4265 creatures vanquished.

Vanquished Creatures (collateral kills)
  Mnoleg (Pan)
  3 tentacled monstrosities (Pan)
  A tengu reaver (Vaults:3)
  2 cacodemons (Pan)
  A shining eye (Pan)
  2 eyes of devastation (Pan)
  4 neqoxecs (Pan)
  4 large abominations (Pan)
  An eye of draining (Pan)
19 creatures vanquished.

Vanquished Creatures (others)
  A greater mummy (Tomb:1)
  A golden dragon (Zot:2)
  A Tzitzimitl (Tar:7)
  A fire giant (Vaults:4)
  A ghost moth (Spider:4)
  A stone giant (Tomb:2)
  A red draconian (Tomb:2)
  A dancing weapon (Elf:1)
  A soul eater (Pan)
  A sixfirhy (Pan)
  A flayed ghost (Geh:3)
  A harpy (Shoals:4)
  2 necromancers (Geh:3)
  A deep elf archer (Elf:1)
  2 wolf spiders
  3 deep elf magi (Elf:1)
  An ice statue (Pan)
  A flying skull (Geh:3)
  An air elemental (Elf:1)
  2 orc warriors (Vaults:4)
  An ogre (Vaults:4)
  2 wights (Geh:3)
  An orc priest (Orc:2)
  An adder zombie (D:6)
  5 ball lightnings (Pan)
  An orc (Vaults:4)
  A bush (Lair:2)
  16 fungi
  2 lurking horrors (Abyss:3)
  73 plants
  13 starspawn tentacles (WizLab)
  15 tentacles
156 creatures vanquished.

Grand Total: 4440 creatures vanquished

Notes
Turn   | Place    | Note
-------+----------+-------------------------------------------
     0 | D:1      | maxfaust the Gargoyle Fighter began the quest for the Orb.
     0 | D:1      | Reached XP level 1. HP: 14/14 MP: 1/1
   104 | D:1      | Reached XP level 2. HP: 19/19 MP: 2/2
   413 | D:2      | Found a shimmering blue altar of Sif Muna.
   681 | D:2      | Noticed Terence
   689 | D:2      | Reached XP level 3. HP: 19/23 MP: 3/3
   691 | D:2      | Killed Terence
   691 | D:2      | Reached skill level 1 in Maces & Flails
  1062 | D:2      | Noticed Sigmund
  1098 | D:2      | Reached XP level 4. HP: 28/28 MP: 4/4
  1107 | D:2      | Found a blossoming altar of Fedhas.
  1408 | D:2      | Noticed Jessica
  1412 | D:2      | Killed Jessica
  1412 | D:2      | Reached XP level 5. HP: 33/33 MP: 5/5
  1422 | D:2      | Noticed an ogre
  1428 | D:2      | Killed an ogre
  1444 | D:2      | Noticed Robin
  1449 | D:2      | Killed Robin
  1449 | D:2      | Reached XP level 6. HP: 27/38 MP: 6/6
  1764 | D:3      | Found a glowing golden altar of the Shining One.
  2082 | D:2      | Killed Sigmund
  2220 | D:4      | Found an ornate altar of the Wu Jian Council.
  2298 | D:3      | Reached XP level 7. HP: 37/44 MP: 7/7
  3400 | D:5      | Entered Level 5 of the Dungeon
  3948 | D:4      | Reached XP level 8. HP: 46/48 MP: 8/8
  4114 | D:4      | Reached skill level 5 in Shields
  4197 | D:4      | Reached skill level 5 in Fighting
  4463 | D:4      | Reached skill level 5 in Armour
  4567 | D:5      | Reached skill level 5 in Axes
  4731 | D:6      | Noticed Edmund
  4752 | D:6      | Killed Edmund
  4752 | D:6      | Reached skill level 5 in Maces & Flails
  5358 | D:6      | Found a staircase to the Ecumenical Temple.
  5367 | Temple   | Entered the Ecumenical Temple
  5373 | Temple   | Became a worshipper of Warmaster Okawaru
  5760 | D:6      | Noticed Pikel
  5794 | D:6      | Killed Pikel
  5794 | D:6      | Reached XP level 9. HP: 29/55 MP: 9/9
  6619 | D:7      | Found a shattered altar of Ashenzari.
  6699 | D:8      | Found a shadowy altar of Dithmenos.
  6702 | D:8      | Found a basalt altar of Yredelemnul.
  6716 | D:8      | Found a sand-covered staircase.
  6721 | Ossuary  | Entered an ossuary
  6941 | Ossuary  | Reached * piety under Okawaru
  7407 | D:8      | Noticed a two-headed ogre
  7555 | D:7      | Noticed Maggie
  7576 | D:7      | Killed Maggie
  8708 | D:8      | Reached ** piety under Okawaru
  8818 | D:8      | Killed a two-headed ogre
  8818 | D:8      | Reached XP level 10. HP: 41/61 MP: 7/10
  9039 | D:8      | Noticed Erica
  9048 | D:8      | Killed Erica
  9048 | D:8      | Reached *** piety under Okawaru
  9267 | D:10     | Entered Level 10 of the Dungeon
  9729 | D:9      | Reached **** piety under Okawaru
  9951 | D:9      | Reached XP level 11. HP: 67/67 MP: 11/11
 10765 | D:10     | Found a staircase to the Orcish Mines.
 11138 | D:11     | Found a staircase to the Lair.
 11189 | D:11     | Reached ***** piety under Okawaru
 11208 | D:11     | Found a gate leading to a gauntlet.
 11208 | D:11     | Noticed a cyclops
 11215 | D:11     | Killed a cyclops
 11228 | Gauntlet | Entered a Gauntlet
 11228 | Gauntlet | Found a transporter.
 11231 | Gauntlet | Found a transporter.
 11231 | Gauntlet | Noticed a wizard
 11235 | Gauntlet | Found a transporter.
 11238 | Gauntlet | Noticed a worldbinder
 11247 | Gauntlet | Found a transporter.
 11247 | Gauntlet | Found a transporter.
 11249 | Gauntlet | Noticed a death scarab
 11255 | Gauntlet | Found a transporter.
 11259 | Gauntlet | Found a transporter.
 11267 | Gauntlet | Found a transporter.
 11271 | Gauntlet | Found a transporter.
 11279 | Gauntlet | Found a transporter.
 11288 | Gauntlet | Noticed an entropy weaver
 11301 | Gauntlet | Found a transporter.
 11310 | Gauntlet | Noticed an orange crystal statue
 11313 | Gauntlet | Found a transporter.
 11325 | Gauntlet | Found a transporter.
 11329 | Gauntlet | Found a runed translucent door.
 11337 | Gauntlet | Found a transporter.
 11536 | D:10     | Noticed Harold
 11559 | D:10     | Killed Harold
 12113 | D:11     | Noticed a two-headed ogre
 12120 | D:11     | Killed a two-headed ogre
 12140 | D:11     | Received a gift from Okawaru
 12246 | D:12     | Noticed Josephine
 12625 | D:11     | Reached skill level 10 in Maces & Flails
 12937 | Lair:1   | Entered Level 1 of the Lair of Beasts
 13012 | Lair:2   | Reached XP level 12. HP: 21/75 MP: 2/12
 13440 | Lair:2   | Received a gift from Okawaru
 13721 | Lair:1   | Found a shimmering altar of Xom.
 14042 | Lair:3   | Reached skill level 10 in Axes
 14293 | Lair:2   | Noticed a four-headed hydra
 14933 | Lair:2   | Killed a one-headed hydra
 14933 | Lair:2   | Received a gift from Okawaru
 14936 | Lair:2   | Identified the +8 chain mail "Xeklaepn" {-Tele rC++ Dex+6}
                  | (Okawaru gifted it to you on level 2 of the Lair of Beasts)
 15927 | Lair:3   | Found a staircase to the Shoals.
 16406 | Lair:4   | Noticed a six-headed hydra
 16409 | Lair:4   | Noticed a death yak
 16412 | Lair:4   | Noticed a death yak
 16425 | Lair:3   | Killed a one-headed hydra
 16611 | Lair:4   | Noticed a death yak
 16611 | Lair:4   | Noticed a death yak
 16611 | Lair:4   | Noticed a death yak
 16611 | Lair:4   | Noticed a death yak
 16623 | Lair:3   | Killed a death yak
 16623 | Lair:3   | Reached XP level 13. HP: 36/80 MP: 6/13
 17277 | Lair:4   | Reached skill level 10 in Shields
 17854 | Lair:4   | Reached skill level 10 in Fighting
 17946 | Lair:4   | Found a hole to the Spider Nest.
 17968 | Lair:4   | Received a gift from Okawaru
 17968 | Lair:4   | Reached skill level 10 in Armour
 18556 | Lair:6   | Entered Level 6 of the Lair of Beasts
 19096 | Lair:5   | Received a gift from Okawaru
 19099 | Lair:5   | Reached ****** piety under Okawaru
 19102 | Lair:5   | Identified the +1 chain mail of a treasure trove {rCorr
                  | MP+9 Str-2 Dex+3} (Okawaru gifted it to you on level 5 of
                  | the Lair of Beasts)
 19339 | Lair:6   | Found a staircase to the Slime Pits.
 19339 | Lair:6   | Found a viscous altar of Jiyva.
 19597 | Lair:5   | Gained mutation: Your large and strong wings let you fly
                  | indefinitely. [Gargoyle growth]
 19597 | Lair:5   | Reached XP level 14. HP: 84/88 MP: 12/14
 21343 | Lair:6   | Reached skill level 1 in Invocations
 21464 | Lair:6   | Received a gift from Okawaru
 21465 | Lair:6   | Found the +3 warlock's mirror {reflect}
 23260 | Orc:1    | Entered Level 1 of the Orcish Mines
 23345 | Orc:1    | Found a bloodstained altar of Trog.
 23428 | Orc:2    | Entered Level 2 of the Orcish Mines
 23609 | Orc:2    | Found a roughly hewn altar of Beogh.
 23673 | Orc:2    | Found a staircase to the Elven Halls.
 23675 | Orc:1    | Found a roughly hewn altar of Beogh.
 23829 | Orc:2    | Reached XP level 15. HP: 79/95 MP: 13/17
 24601 | Orc:1    | Received a gift from Okawaru
 24608 | Orc:1    | Got a crude tower shield {god gift}
 25649 | Orc:2    | Reached skill level 5 in Invocations
 25722 | Orc:2    | Found Ynecwoun's Weapon Shoppe.
 25722 | Orc:2    | Found Nitidi's General Store.
 25723 | Orc:2    | Found Kurodeb's Weapon Boutique.
 25723 | Orc:2    | Found Wyne's Food Shoppe.
 25733 | Orc:2    | Bought a scroll of acquirement for 676 gold pieces
 25733 | Orc:2    | Bought an uncursed ring of resist corrosion for 260 gold
                  | pieces
 25733 | Orc:2    | Bought a potion of might for 52 gold pieces
 25733 | Orc:2    | Bought a potion of curing for 39 gold pieces
 25733 | Orc:2    | Bought a scroll of teleportation for 39 gold pieces
 25733 | Orc:2    | Bought a potion of curing for 39 gold pieces
 26158 | D:12     | Identified the +7 tower shield "Syqim" {*Drain rPois Str+3
                  | Dex+7} (Okawaru gifted it to you on level 1 of the Orcish
                  | Mines)
 26186 | D:12     | Got a distressingly furry chain mail
 26255 | D:12     | Noticed Frances
 26285 | D:12     | Killed Frances
 26285 | D:12     | Received a gift from Okawaru
 26367 | D:12     | Paralysed by an orc sorcerer for 5 turns
 26488 | D:12     | Noticed a sphinx
 26511 | D:12     | Killed a sphinx
 26920 | D:12     | Identified the cursed +0 chain mail of Recklessness {rC+
                  | Int+5 Dex+4} (You found it on level 12 of the Dungeon)
 27022 | D:12     | Killed Josephine
 27080 | D:12     | Identified the +9 trident "Loczon" {vorpal, *Contam rF-
                  | MP+9 Stlth+}
 27153 | D:12     | Identified the ring "Cycot" {*Tele rF+ MR++ Str-3 Slay+2}
 27168 | D:12     | Received a gift from Okawaru
 27739 | D:13     | Reached XP level 16. HP: 91/102 MP: 2/20
 27876 | D:13     | Noticed Rupert
 27887 | D:13     | Killed Rupert
 28202 | D:13     | Found a gate to the Vaults.
 28224 | D:13     | Received a gift from Okawaru
 29363 | D:14     | Identified the +5 rapier "Ewaban" {vorpal, Str+3}
 29383 | D:14     | Found a hazy altar of Hepliaklqana.
 29610 | D:14     | Found Noluiv's Antique Weapon Shoppe.
 29627 | D:15     | Entered Level 15 of the Dungeon
 29796 | D:14     | Found a shadowy altar of Dithmenos.
 30412 | D:15     | Got a steaming copper ring
 30549 | D:15     | Identified the ring of Qyulonoa {Fire rPois Str+4 Dex-3}
                  | (You found it on level 15 of the Dungeon)
 30684 | D:15     | Found a staircase to the Depths.
 30739 | D:15     | Noticed Kirke
 30763 | D:15     | Killed Kirke
 30945 | D:15     | Found a white marble altar of Elyvilon.
 31086 | D:15     | Found Uwkeofi's Food Emporium.
 31206 | D:15     | Received a gift from Okawaru
 31910 | Shoals:1 | Entered Level 1 of the Shoals
 32673 | Shoals:2 | Found Hottua's Antique Weapon Emporium.
 32685 | Shoals:2 | Reached skill level 15 in Axes
 32703 | Shoals:2 | Bought a smoking war axe for 255 gold pieces
 32711 | Shoals:2 | Reached XP level 17. HP: 80/108 MP: 17/22
 32728 | Shoals:1 | Identified the +1 war axe of Vaipiud {freeze, MP+9} (You
                  | bought it in a shop on level 2 of the Shoals)
 33121 | Shoals:1 | Noticed a kraken
 33130 | Shoals:1 | Killed a kraken
 33695 | Shoals:2 | Noticed Aizul
 33740 | Shoals:2 | Killed Aizul
 34294 | Shoals:2 | Found Dota's Assorted Antiques.
 34325 | Shoals:2 | Received a gift from Okawaru
 34357 | Shoals:2 | Bought a scroll of identify for 58 gold pieces
 34357 | Shoals:2 | Bought a scroll of identify for 58 gold pieces
 34357 | Shoals:2 | Bought a scroll of blinking for 217 gold pieces
 34869 | Shoals:4 | Entered Level 4 of the Shoals
 35933 | Shoals:4 | Received a gift from Okawaru
 35952 | Shoals:4 | Got a brightly glowing turquoise ring
 35959 | Shoals:4 | Got a warped kite shield {god gift}
 35960 | Shoals:4 | Identified the +1 kite shield "Jidetwaja" {rElec Int+4}
                  | (Okawaru gifted it to you on level 4 of the Shoals)
 35962 | Shoals:4 | Identified the ring of the Firefly {Wiz rElec rPois rN+
                  | Slay-4} (You found it on level 4 of the Shoals)
 37394 | Shoals:4 | Got a barnacled rune of Zot
 37643 | Shoals:4 | Got a crude platinum amulet
 38090 | Lair:3   | Identified the amulet "Lokh" {*Drain rPois rF++ Regen+
                  | Dex+2} (You found it on level 4 of the Shoals)
 38128 | Spider:1 | Entered Level 1 of the Spider Nest
 38208 | Spider:2 | Identified the +10 war axe of Vamac {drain, rElec rF- rC+
                  | Int+2 Dex+3} (You found it on level 2 of the Spider Nest)
 38545 | Spider:1 | Reached XP level 18. HP: 114/116 MP: 25/25
 38949 | Spider:2 | Received a gift from Okawaru
 40229 | Spider:3 | Reached skill level 10 in Invocations
 40332 | Spider:4 | Entered Level 4 of the Spider Nest
 41235 | Spider:4 | Reached skill level 1 in Dodging
 41300 | Spider:4 | Received a gift from Okawaru
 42076 | Spider:4 | Received a gift from Okawaru
 42279 | Spider:4 | Reached XP level 19. HP: 82/122 MP: 26/26
 42531 | Spider:4 | Got a gossamer rune of Zot
 42870 | Elf:1    | Entered Level 1 of the Elven Halls
 42874 | Elf:1    | Acquired a +1 broad axe of flaming
 43070 | Elf:1    | Found a runed translucent gate.
 43070 | Elf:1    | Found a runed translucent gate.
 43070 | Elf:1    | Found a runed translucent gate.
 43165 | Elf:1    | Identified the amulet "Vazeun" {rN+ Regen+ Slay+3}
 43638 | Elf:1    | Noticed Yakesh's ghost (adept MiFi)
 43661 | Elf:1    | Reached skill level 15 in Armour
 43703 | Elf:1    | Killed Yakesh's ghost
 43703 | Elf:1    | Reached skill level 15 in Shields
 44073 | Elf:2    | Received a gift from Okawaru
 44084 | Elf:2    | Reached skill level 15 in Fighting
 44141 | Elf:3    | Entered Level 3 of the Elven Halls
 44221 | Elf:2    | Noticed Roxanne
 44986 | Elf:2    | Found a huge runed translucent gate.
 44986 | Elf:2    | Found a huge runed translucent gate.
 44986 | Elf:2    | Found a huge runed translucent gate.
 44986 | Elf:2    | Found a huge runed translucent gate.
 44986 | Elf:2    | Found a huge runed translucent gate.
 45354 | Elf:2    | Noticed Asterion
 45381 | Elf:2    | Killed Asterion
 45394 | Elf:2    | Received a gift from Okawaru
 46609 | Elf:3    | Reached XP level 20. HP: 125/130 MP: 27/27
 47006 | Elf:3    | Reached skill level 5 in Dodging
 47101 | Elf:3    | Received a gift from Okawaru
 47237 | Elf:3    | Identified the ring "Celat" {rF+ Stlth+}
 47545 | Elf:3    | Identified the +6 flail "Ytimmoesh" {vorpal, +Fly}
 47564 | Elf:3    | Received a gift from Okawaru
 47617 | Elf:3    | Identified the cursed +1 robe "Myax" {MR+ Dex+3}
 48000 | Elf:3    | Identified the +7 morningstar of the Rattlesnake {holy,
                  | *Noise MR+++ Int-4 SInv}
 48046 | Elf:3    | Identified the +7 dire flail of the Wraith {antimagic,
                  | Int+2}
 48046 | Elf:3    | Identified the ring "Loacovae" {Ice Int+4}
 48518 | Depths:1 | Entered Level 1 of the Depths
 48788 | Depths:1 | Found a gateway to a ziggurat.
 48847 | Depths:1 | Noticed Mara
 48888 | Depths:1 | Killed Mara
 49016 | Depths:1 | Noticed Bai Suzhen
 49048 | Depths:1 | Killed Bai Suzhen
 49068 | Depths:2 | Reached XP level 21. HP: 126/136 MP: 26/28
 49385 | Depths:1 | Found a gateway to Hell.
 49403 | Depths:2 | Received a gift from Okawaru
 49807 | Depths:2 | Noticed a golden dragon
 49829 | Depths:2 | Killed a golden dragon
 49829 | Depths:2 | Received a gift from Okawaru
 49963 | Depths:2 | Found the +6 lightning scales {run, rElec}
 50008 | Depths:2 | Found a one-way gate leading to the halls of Pandemonium.
 50263 | Depths:2 | Found the -2 hat of the Alchemist {rElec rPois rF+ rC+ rN+
                  | MR+ rMut rCorr}
 50904 | Depths:2 | Received a gift from Okawaru
 51686 | Depths:3 | Reached XP level 22. HP: 118/144 MP: 29/29
 51709 | Depths:3 | Reached skill level 10 in Dodging
 52175 | Depths:3 | Received a gift from Okawaru
 53320 | Depths:5 | Entered Level 5 of the Depths
 53353 | Depths:5 | Received a gift from Okawaru
 53540 | Depths:4 | Found a corrupted altar of Lugonu.
 53541 | Depths:4 | Found a one-way gate to the infinite horrors of the Abyss.
 54029 | Depths:4 | Noticed the Enchantress
 54465 | Depths:4 | Killed the Enchantress
 54785 | Depths:5 | Reached XP level 23. HP: 152/152 MP: 30/30
 54895 | Depths:5 | Found Hukider's Assorted Antiques.
 54903 | Depths:5 | Bought a scroll of identify for 52 gold pieces
 54903 | Depths:5 | Bought a scroll of identify for 52 gold pieces
 54903 | Depths:5 | Bought a scroll of identify for 52 gold pieces
 54903 | Depths:5 | Bought a scroll of enchant armour for 195 gold pieces
 54922 | Depths:5 | Noticed a juggernaut
 54938 | Depths:5 | Killed a juggernaut
 55777 | Depths:5 | Received a gift from Okawaru
 55780 | Depths:5 | Identified the +0 plate armour of the Beggar {+Inv Str+10
                  | Int-3 Stlth+} (Okawaru gifted it to you on level 5 of the
                  | Depths)
 55847 | Depths:5 | Found a gate to the Realm of Zot.
 55940 | Depths:5 | Found Voqing's Jewellery Boutique.
 55941 | Depths:5 | Found Nutiez's Gadget Emporium.
 55941 | Depths:5 | Found Givyp's Gadget Emporium.
 56123 | Vaults:1 | Entered Level 1 of the Vaults
 56184 | Vaults:1 | You are sucked into a shaft and drop 1 floor!
 56585 | Vaults:2 | Noticed Donald
 56597 | Vaults:2 | Killed Donald
 58395 | Vaults:2 | Received a gift from Okawaru
 58396 | Vaults:2 | Found the +5 demon whip "Spellbinder" {antimagic, MR+}
 58408 | Vaults:2 | Found Nuphyrr's Food Shoppe.
 58447 | Vaults:2 | Reached XP level 24. HP: 160/160 MP: 30/30
 59716 | Vaults:3 | Noticed Sojobo
 59758 | Vaults:3 | Killed Sojobo
 59758 | Vaults:3 | Received a gift from Okawaru
 59811 | Vaults:3 | Found a magical portal.
 59833 | WizLab   | Entered Lehudib's Moon Base
 59952 | WizLab   | Paralysed by accursed screaming for 1 turns
 60424 | WizLab   | Received a gift from Okawaru
 60772 | WizLab   | Found a transporter.
 60922 | WizLab   | Found a transporter.
 60923 | WizLab   | Found the +10 morningstar "Eos" {elec, Halo rElec}
 61105 | WizLab   | Received a gift from Okawaru
 61193 | WizLab   | Got a clouded brass ring
 61236 | Vaults:3 | Identified the ring of Ciry {rCorr Dex+3} (You found it in
                  | a wizard's laboratory)
 61481 | Vaults:3 | You are sucked into a shaft and drop 1 floor!
 61518 | Vaults:4 | Reached XP level 25. HP: 165/168 MP: 30/30
 61866 | Vaults:4 | Found Laonelin's Assorted Antiques.
 61886 | Vaults:4 | Bought a potion of haste for 370 gold pieces
 61886 | Vaults:4 | Bought a potion of curing for 111 gold pieces
 63035 | Vaults:3 | Found a staircase to the Crypt.
 63035 | Vaults:3 | Found a basalt altar of Yredelemnul.
 63036 | Vaults:3 | Found an ancient bone altar of Kikubaaqudgha.
 63248 | Vaults:4 | Received a gift from Okawaru
 64167 | Vaults:4 | Received a gift from Okawaru
 64275 | Vaults:4 | Acquired 7 rations
 64278 | Vaults:4 | Reached XP level 26. HP: 176/176 MP: 30/30
 64284 | Vaults:5 | Entered Level 5 of the Vaults
 64391 | Vaults:5 | Reached XP level 27. HP: 175/181 MP: 30/30
 64407 | Vaults:5 | Received a gift from Okawaru
 64553 | Vaults:5 | Identified the ring "Jujuanym" {+Fly rPois rF+ rC-}
 64607 | Vaults:5 | Got a silver rune of Zot
 64609 | Vaults:5 | Identified the cursed +1 plate armour of Wysagi {Dex+3
                  | SInv} (You found it on level 5 of the Vaults)
 64614 | Vaults:5 | Got a transparent turquoise ring
 64615 | Vaults:5 | Identified the ring of Scepticism {rF+ MR+} (You found it
                  | on level 5 of the Vaults)
 64786 | Vaults:5 | Identified the ring "Wekisch" {rC- Str+6 Dex+5}
 65087 | Vaults:5 | Found Dotry's Magic Scroll Emporium.
 65087 | Vaults:5 | Found Otietz's Magic Scroll Shop.
 65091 | Vaults:5 | Identified the ring of Ekueb {+Inv rC+ Stlth+}
 65133 | Vaults:5 | Cast into level 2 of the Abyss (necromancer)
 65581 | Abyss:2  | Received a gift from Okawaru
 65609 | Vaults:5 | Escaped the Abyss
 65684 | Vaults:5 | Bought a scroll of teleportation for 54 gold pieces
 65684 | Vaults:5 | Bought a scroll of identify for 36 gold pieces
 65684 | Vaults:5 | Bought a scroll of identify for 36 gold pieces
 65684 | Vaults:5 | Bought a scroll of identify for 36 gold pieces
 65684 | Vaults:5 | Bought a scroll of teleportation for 54 gold pieces
 65684 | Vaults:5 | Bought a scroll of magic mapping for 63 gold pieces
 65684 | Vaults:5 | Bought a scroll of identify for 36 gold pieces
 65684 | Vaults:5 | Bought a scroll of identify for 36 gold pieces
 65692 | Vaults:5 | Bought a scroll of fog for 38 gold pieces
 65692 | Vaults:5 | Bought a scroll of blinking for 142 gold pieces
 65692 | Vaults:5 | Bought a scroll of identify for 38 gold pieces
 65692 | Vaults:5 | Bought a scroll of blinking for 142 gold pieces
 65692 | Vaults:5 | Bought a scroll of enchant armour for 142 gold pieces
 65692 | Vaults:5 | Bought a scroll of enchant armour for 142 gold pieces
 65707 | Vaults:5 | Found Uheogh's Magic Scroll Shoppe.
 65711 | Vaults:5 | Bought a scroll of identify for 34 gold pieces
 65711 | Vaults:5 | Bought a scroll of identify for 34 gold pieces
 65711 | Vaults:5 | Bought a scroll of teleportation for 51 gold pieces
 65711 | Vaults:5 | Bought a scroll of teleportation for 51 gold pieces
 65711 | Vaults:5 | Bought a scroll of identify for 34 gold pieces
 65711 | Vaults:5 | Bought a scroll of identify for 34 gold pieces
 65732 | Vaults:5 | Found Tosimismu's Magic Scroll Emporium.
 65732 | Vaults:5 | Found Bynlinnaytz's Food Boutique.
 65736 | Vaults:5 | Bought a scroll of enchant armour for 135 gold pieces
 65736 | Vaults:5 | Bought a scroll of magic mapping for 63 gold pieces
 65736 | Vaults:5 | Bought a scroll of identify for 36 gold pieces
 65736 | Vaults:5 | Bought a scroll of teleportation for 54 gold pieces
 65736 | Vaults:5 | Bought a scroll of teleportation for 54 gold pieces
 65736 | Vaults:5 | Bought a scroll of identify for 36 gold pieces
 65736 | Vaults:5 | Bought a scroll of blinking for 135 gold pieces
 65802 | Vaults:5 | Found Uluerph's Food Shop.
 65829 | Vaults:5 | Found Wycuav's Distillery.
 65829 | Vaults:5 | Found Ownosch's Magic Scroll Shoppe.
 65833 | Vaults:5 | Bought a potion of magic for 112 gold pieces
 65833 | Vaults:5 | Bought a potion of might for 56 gold pieces
 65833 | Vaults:5 | Bought 2 potions of might for 112 gold pieces
 65833 | Vaults:5 | Bought a potion of curing for 42 gold pieces
 65833 | Vaults:5 | Bought a potion of curing for 42 gold pieces
 65833 | Vaults:5 | Bought a potion of might for 56 gold pieces
 65840 | Vaults:5 | Bought a scroll of fog for 32 gold pieces
 65840 | Vaults:5 | Bought a scroll of identify for 32 gold pieces
 65840 | Vaults:5 | Bought a scroll of identify for 32 gold pieces
 65840 | Vaults:5 | Bought a scroll of enchant weapon for 120 gold pieces
 65840 | Vaults:5 | Bought a scroll of identify for 32 gold pieces
 65840 | Vaults:5 | Bought a scroll of summoning for 152 gold pieces
 65840 | Vaults:5 | Bought a scroll of enchant weapon for 120 gold pieces
 66251 | Vaults:5 | Bought a scroll of brand weapon for 360 gold pieces
 66251 | Vaults:5 | Bought a scroll of acquirement for 936 gold pieces
 66262 | Vaults:5 | Bought a scroll of holy word for 120 gold pieces
 66292 | Vaults:5 | Acquired 3 rations
 66523 | Depths:1 | Paralysed by a floating eye for 3 turns
 66532 | Depths:1 | Paralysed by a floating eye for 3 turns
 66690 | Zot:1    | Entered Level 1 of the Realm of Zot
 66935 | Zot:2    | Found a transporter.
 67125 | Zot:1    | You are sucked into a shaft and drop 1 floor!
 67125 | Zot:2    | Found a transporter.
 67772 | Zot:2    | Found a basalt altar of Yredelemnul.
 67802 | Zot:2    | Received a gift from Okawaru
 67806 | Zot:2    | Identified the +7 plate armour of Amelioration {*Slow
                  | +Blink +Fly MR+} (Okawaru gifted it to you on level 2 of
                  | the Realm of Zot)
 68539 | Zot:2    | Got a sparkling brass ring
 68540 | Zot:2    | Identified the Handbook of Fetching Aid
 68548 | Zot:2    | Got a smoking ruby amulet
 68551 | Zot:2    | Identified the ring "Muedd" {Str+6 Dex-3 Stlth+} (You found
                  | it on level 2 of the Realm of Zot)
 68553 | Zot:2    | Identified the amulet of Jexkofac {Acrobat rC+ Dex+3} (You
                  | found it on level 2 of the Realm of Zot)
 69433 | Zot:5    | Entered Level 5 of the Realm of Zot
 69896 | Zot:3    | Received a gift from Okawaru
 70839 | Zot:4    | Noticed an orb of fire
 70841 | Zot:4    | Gained mutation: Scrolls take you a little longer to read.
                  | [an orb of fire]
 70862 | Zot:4    | Killed an orb of fire
 70941 | Zot:4    | Noticed an ancient lich
 70985 | Zot:4    | Killed an ancient lich
 71342 | Zot:5    | Received a gift from Okawaru
 72115 | Zot:5    | Noticed an ancient lich
 72135 | Zot:5    | Killed an ancient lich
 72205 | Zot:5    | Noticed an orb of fire
 72231 | Zot:5    | Killed an orb of fire
 72241 | Zot:5    | Noticed an orb of fire
 72266 | Zot:5    | Killed an orb of fire
 72576 | Zot:5    | Noticed an orb of fire
 72590 | Zot:5    | Killed an orb of fire
 72590 | Zot:5    | Received a gift from Okawaru
 72752 | Zot:5    | Noticed an ancient lich
 72762 | Zot:5    | Killed an ancient lich
 72762 | Zot:5    | Received a gift from Okawaru
 72762 | Zot:5    | Reached skill level 15 in Invocations
 73695 | Slime:1  | Entered Level 1 of the Pits of Slime
 73711 | Slime:1  | Gained mutation: Armour fits poorly on your strangely
                  | shaped body. [a shining eye]
 73719 | Slime:1  | Gained mutation: Scrolls take you longer to read. [a
                  | shining eye]
 73786 | Slime:1  | Received a gift from Okawaru
 73791 | Slime:1  | Gained mutation: You occasionally shout uncontrollably at
                  | your foes. [a shining eye]
 73793 | Slime:1  | Gained mutation: You are weak. (Str -2) [a shining eye]
 73797 | Slime:1  | Gained mutation: You are frail. (-10% HP) [a shining eye]
 73811 | Slime:1  | Identified the +0 crystal plate armour of Wufaig {rPois rC+
                  | Int-3 SInv} (Okawaru gifted it to you on level 1 of the
                  | Pits of Slime)
 73949 | Slime:3  | Gained mutation: Your body sometimes deteriorates upon
                  | taking damage. [a shining eye]
 74082 | Slime:5  | Entered Level 5 of the Pits of Slime
 74117 | Slime:5  | Noticed the Royal Jelly
 74213 | Slime:5  | Killed the Royal Jelly
 74314 | Slime:5  | Gained mutation: You are very weak. (Str -4) [a shining
                  | eye]
 74386 | Slime:5  | Got a scintillating jade ring
 74407 | Slime:5  | Got a slimy rune of Zot
 74426 | Slime:5  | Got a scorched lead amulet
 74538 | Lair:6   | Identified the ring of the Komodo Dragon {rPois rCorr} (You
                  | found it on level 5 of the Pits of Slime)
 74541 | Lair:6   | Identified the amulet "Wib Rocw" {Acrobat rC+} (You found
                  | it on level 5 of the Pits of Slime)
 74547 | Lair:6   | Lost mutation: Your body sometimes deteriorates upon taking
                  | damage. [potion of mutation]
 74547 | Lair:6   | Lost mutation: You are frail. (-10% HP) [potion of
                  | mutation]
 74547 | Lair:6   | Lost mutation: Scrolls take you longer to read. [potion of
                  | mutation]
 74547 | Lair:6   | Lost mutation: Armour fits poorly on your strangely shaped
                  | body. [potion of mutation]
 74547 | Lair:6   | Gained mutation: Your magical capacity is low. (-10% MP)
                  | [potion of mutation]
 74547 | Lair:6   | Gained mutation: You have a pair of small horns on your
                  | head. [potion of mutation]
 74548 | Lair:6   | Lost mutation: You are very weak. (Str -4) [potion of
                  | mutation]
 74548 | Lair:6   | Lost mutation: You have a pair of small horns on your head.
                  | [potion of mutation]
 74548 | Lair:6   | Lost mutation: Your magical capacity is low. (-10% MP)
                  | [potion of mutation]
 74548 | Lair:6   | Lost mutation: Scrolls take you a little longer to read.
                  | [potion of mutation]
 74548 | Lair:6   | Gained mutation: You are frail. (-10% HP) [potion of
                  | mutation]
 74548 | Lair:6   | Lost mutation: You are frail. (-10% HP) [potion of
                  | mutation]
 74548 | Lair:6   | Gained mutation: You are partially covered in rugged brown
                  | scales. (AC +1, +3% HP) [potion of mutation]
 74828 | D:3      | Fell from the grace of Okawaru
 74828 | D:3      | Became a worshipper of the Shining One
 75183 | Crypt:1  | Entered Level 1 of the Crypt
 75205 | Crypt:1  | Reached * piety under the Shining One
 75388 | Crypt:1  | Reached ** piety under the Shining One
 75450 | Crypt:1  | Noticed Frederick
 75462 | Crypt:1  | Killed Frederick
 75688 | Crypt:1  | Reached *** piety under the Shining One
 76038 | Crypt:2  | Reached **** piety under the Shining One
 76202 | Crypt:2  | Noticed Jory
 76217 | Crypt:2  | Killed Jory
 76418 | Crypt:2  | Reached ***** piety under the Shining One
 76637 | Crypt:3  | Entered Level 3 of the Crypt
 76801 | Crypt:3  | Found a staircase to the Tomb.
 76802 | Crypt:3  | Reached ****** piety under the Shining One
 76970 | Crypt:3  | Found a runed translucent door.
 76972 | Crypt:3  | Found a shimmering altar of Xom.
 76972 | Crypt:3  | Noticed Osipn's ghost (veteran MiGl)
 76994 | Crypt:3  | Killed Osipn's ghost
 77016 | Crypt:3  | Noticed Saint Roka
 77031 | Crypt:3  | Killed Saint Roka
 77207 | Crypt:3  | Identified a +9 broad axe of holy wrath (a +9 vorpal broad
                  | axe blessed by the Shining One)
 77207 | Crypt:3  | Received a gift from the Shining One
 77512 | Crypt:3  | Found a basalt altar of Yredelemnul.
 77518 | Crypt:3  | Found an ancient bone altar of Kikubaaqudgha.
 77521 | Crypt:3  | Noticed a greater mummy
 77527 | Crypt:3  | Killed a greater mummy
 77621 | Crypt:3  | Found the +6 Majin-Bo {vamp, Archmagi MP+6 Int+6}
 77731 | Tomb:1   | Entered Level 1 of the Tomb of the Ancients
 78308 | Tomb:1   | Noticed an ancient lich
 78320 | Tomb:1   | Killed an ancient lich
 78435 | Tomb:1   | Noticed a greater mummy
 78454 | Tomb:1   | Killed a greater mummy
 78593 | Tomb:1   | Noticed a greater mummy
 78604 | Tomb:1   | Killed a greater mummy
 78954 | Tomb:2   | Noticed a greater mummy
 78954 | Tomb:2   | Noticed an ancient lich
 78957 | Tomb:2   | Noticed a greater mummy
 78957 | Tomb:2   | Noticed a greater mummy
 78963 | Tomb:2   | Killed an ancient lich
 78964 | Tomb:2   | Killed a greater mummy
 78966 | Tomb:2   | Killed a greater mummy
 78972 | Tomb:2   | Killed a greater mummy
 79438 | Tomb:1   | Paralysed by a Zot trap for 3 turns
 79438 | Tomb:1   | Noticed a greater mummy
 79440 | Tomb:1   | Noticed a greater mummy
 79441 | Tomb:1   | Noticed a greater mummy
 79545 | Tomb:1   | Noticed a greater mummy
 79547 | Tomb:1   | Noticed a greater mummy
 79552 | Tomb:1   | Killed a greater mummy
 79553 | Tomb:1   | Killed a greater mummy
 79556 | Tomb:1   | Killed a greater mummy
 79564 | Tomb:1   | Killed a greater mummy
 79564 | Tomb:1   | Killed a greater mummy
 79675 | Tomb:1   | Noticed a greater mummy
 79689 | Tomb:1   | Killed a greater mummy
 79701 | Tomb:1   | Noticed a greater mummy
 79751 | Tomb:1   | Killed a greater mummy
 79854 | Tomb:1   | Noticed a greater mummy
 79858 | Tomb:1   | Noticed a greater mummy
 79862 | Tomb:1   | Killed a greater mummy
 79873 | Tomb:1   | Killed a greater mummy
 79888 | Tomb:1   | Noticed a greater mummy
 79971 | Tomb:1   | Killed a greater mummy
 80007 | Tomb:1   | Noticed a greater mummy
 80028 | Tomb:1   | Killed a greater mummy
 80145 | Tomb:1   | Noticed a greater mummy
 80157 | Tomb:1   | Killed a greater mummy
 80183 | Tomb:1   | Noticed a greater mummy
 80197 | Tomb:1   | Killed a greater mummy
 80250 | Tomb:1   | Noticed a greater mummy
 80251 | Tomb:1   | Noticed a greater mummy
 80254 | Tomb:1   | Noticed a greater mummy
 80257 | Tomb:1   | Noticed a greater mummy
 80266 | Tomb:1   | Killed a greater mummy
 80267 | Tomb:1   | Killed a greater mummy
 80269 | Tomb:1   | Noticed a greater mummy
 80269 | Tomb:1   | Noticed a greater mummy
 80269 | Tomb:1   | Noticed a greater mummy
 80346 | Tomb:1   | Noticed a greater mummy
 80350 | Tomb:1   | Killed a greater mummy
 80362 | Tomb:1   | Killed a greater mummy
 80365 | Tomb:1   | Killed a greater mummy
 80375 | Tomb:1   | Killed a greater mummy
 80477 | Tomb:1   | Was forgiven by Okawaru
 80748 | Tomb:3   | Entered Level 3 of the Tomb of the Ancients
 80760 | Tomb:3   | Noticed a greater mummy
 80764 | Tomb:3   | Noticed a greater mummy
 80785 | Tomb:3   | Killed a greater mummy
 80785 | Tomb:3   | Reached skill level 27 in Invocations
 80797 | Tomb:3   | Killed a greater mummy
 80808 | Tomb:3   | Noticed a greater mummy
 80815 | Tomb:3   | Noticed a greater mummy
 80817 | Tomb:3   | Killed a greater mummy
 80835 | Tomb:3   | Killed a greater mummy
 81081 | Tomb:3   | Found the +7 Kryia's mail coat {PotionHeal*2 rC+}
 81097 | Tomb:3   | Got a scintillating copper ring
 81135 | Tomb:3   | Got a steaming war axe
 81137 | Tomb:3   | Got a warped silver ring
 81161 | Tomb:3   | Identified the +7 war axe of Pestilence {elec, rElec Int+2}
                  | (You found it on level 3 of the Tomb of the Ancients)
 81163 | Tomb:3   | Identified the cursed ring of the Sky {*Corrode EV-4 Str-3
                  | Dex+8 Slay+6} (You found it on level 3 of the Tomb of the
                  | Ancients)
 81165 | Tomb:3   | Identified the ring "Wongoudo" {*Tele +Blink rF+ rN++ MR-}
                  | (You found it on level 3 of the Tomb of the Ancients)
 81383 | Tomb:3   | Noticed a greater mummy
 81388 | Tomb:3   | Noticed a greater mummy
 81394 | Tomb:3   | Noticed a greater mummy
 81395 | Tomb:3   | Killed a greater mummy
 81395 | Tomb:3   | Noticed a greater mummy
 81396 | Tomb:3   | Noticed a greater mummy
 81400 | Tomb:3   | Killed a greater mummy
 81401 | Tomb:3   | Killed a greater mummy
 81403 | Tomb:3   | Killed a greater mummy
 81403 | Tomb:3   | Killed a greater mummy
 81631 | Tomb:3   | Got a golden rune of Zot
 82127 | Pan      | Entered Pandemonium
 82270 | Pan      | Noticed Ajiest the pandemonium lord
 82287 | Pan      | Killed Ajiest the pandemonium lord
 82454 | Depths:2 | Escaped Pandemonium
 82471 | Pan      | Entered Pandemonium
 82477 | Pan      | Reached skill level 27 in Shields
 82512 | Pan      | Noticed Geggi Qosh the pandemonium lord
 82522 | Pan      | Reached skill level 27 in Armour
 82525 | Pan      | Killed Geggi Qosh the pandemonium lord
 82537 | Pan      | Got a demonic rune of Zot
 82563 | Pan      | Noticed Mennas
 82601 | Pan      | Killed Mennas
 82641 | Pan      | Entered the realm of Mnoleg.
 82680 | Pan      | Found an exit through the horrors of the Abyss.
 82680 | Pan      | Gained mutation: You are very weak. (Str -4) [a neqoxec]
 82682 | Pan      | Gained mutation: Armour fits poorly on your strangely
                  | shaped body. [a neqoxec]
 82715 | Pan      | Lost mutation: You are very weak. (Str -4) [a neqoxec]
 82723 | Pan      | Gained mutation: Your spells are a little easier to cast,
                  | but a little less powerful. [a shining eye]
 82737 | Pan      | Gained mutation: Your spells are easier to cast, but less
                  | powerful. [a neqoxec]
 82743 | Pan      | Paralysed by a floating eye for 4 turns
 82750 | Pan      | Noticed Mnoleg
 82764 | Pan      | Killed Mnoleg
 82825 | Pan      | Got a glowing rune of Zot
 83171 | Pan      | Identified the +7 scythe of Sloth {vamp, rElec rC+++ MR-
                  | Str+4}
 83184 | Pan      | Noticed Haucelebb the pandemonium lord
 83206 | Pan      | Killed Haucelebb the pandemonium lord
 83267 | Pan      | Entered the realm of Cerebov.
 83464 | Pan      | Got a sparkling pewter ring
 83465 | Pan      | Identified the ring of Befej {Dex+6 SInv} (You found it in
                  | Pandemonium)
 83478 | Pan      | Identified the +6 sword of Cerebov {flame}
 83478 | Pan      | Noticed Cerebov
 83512 | Pan      | Killed Cerebov
 83512 | Pan      | Reached skill level 27 in Fighting
 83524 | Pan      | Got a fiery rune of Zot
 83788 | Pan      | Found an exit through the horrors of the Abyss.
 84073 | Pan      | Found a huge runed translucent gate.
 84078 | Pan      | Found a huge runed translucent gate.
 84084 | Pan      | Found a huge runed translucent gate.
 84085 | Pan      | Found a huge runed translucent gate.
 84085 | Pan      | Found a huge runed translucent gate.
 84085 | Pan      | Found a huge runed translucent gate.
 84086 | Pan      | Found a huge runed translucent gate.
 84095 | Pan      | Noticed Letet the pandemonium lord
 84114 | Pan      | Killed Letet the pandemonium lord
 84207 | Pan      | Noticed Koynidi the pandemonium lord
 84217 | Pan      | Killed Koynidi the pandemonium lord
 84242 | Pan      | Entered the realm of Gloorx Vloq.
 84242 | Pan      | Noticed Gloorx Vloq
 84252 | Pan      | Killed Gloorx Vloq
 84259 | Pan      | Got a dark rune of Zot
 84589 | Pan      | Entered the realm of Lom Lobon.
 84589 | Pan      | Noticed Lom Lobon
 84614 | Pan      | Killed Lom Lobon
 84658 | Pan      | Got a magical rune of Zot
 85543 | Pan      | Found an exit through the horrors of the Abyss.
 85553 | Pan      | Took an exit into the Abyss.
 85553 | Abyss:1  | Escaped into the Abyss
 85554 | Abyss:1  | Found a corrupted altar of Lugonu.
 85753 | Abyss:3  | Got an abyssal rune of Zot
 86055 | Abyss:3  | Paralysed by a floating eye for 4 turns
 86064 | Depths:2 | Escaped the Abyss
 86104 | Hell     | Entered the Vestibule of Hell
 86104 | Hell     | Noticed Geryon
 86130 | Hell     | Killed Geryon
 86130 | Hell     | Reached skill level 15 in Dodging
 86155 | Hell     | Noticed Murray
 86165 | Hell     | Killed Murray
 86215 | Hell     | Found a gateway to the freezing wastes of Cocytus.
 86271 | Hell     | Found a gateway to the decaying netherworld of Tartarus.
 86502 | Hell     | Found a gateway to the Iron City of Dis.
 86599 | Hell     | Found a gateway to the ashen valley of Gehenna.
 86655 | Coc:1    | Entered Level 1 of Cocytus
 87129 | Coc:7    | Entered Level 7 of Cocytus
 87318 | Coc:7    | Noticed Antaeus
 87347 | Coc:7    | Killed Antaeus
 87359 | Coc:7    | Got an icy rune of Zot
 87412 | Hell     | Lost mutation: You occasionally shout uncontrollably at
                  | your foes. [potion of mutation]
 87412 | Hell     | Lost mutation: Your spells are easier to cast, but less
                  | powerful. [potion of mutation]
 87412 | Hell     | Lost mutation: You are weak. (Str -2) [potion of mutation]
 87412 | Hell     | Lost mutation: Armour fits poorly on your strangely shaped
                  | body. [potion of mutation]
 87412 | Hell     | Gained mutation: Armour fits poorly on your strangely
                  | shaped body. [potion of mutation]
 87412 | Hell     | Gained mutation: You can translocate small distances at
                  | will. [potion of mutation]
 87412 | Hell     | Gained mutation: You expend magic power (3 MP) to
                  | strengthen your wands. [potion of mutation]
 87413 | Hell     | Lost mutation: Your spells are a little easier to cast, but
                  | a little less powerful. [potion of mutation]
 87413 | Hell     | Lost mutation: Armour fits poorly on your strangely shaped
                  | body. [potion of mutation]
 87413 | Hell     | Gained mutation: You have sharp toenails. [potion of
                  | mutation]
 87413 | Hell     | Lost mutation: You expend magic power (3 MP) to strengthen
                  | your wands. [potion of mutation]
 87413 | Hell     | Gained mutation: Your natural rate of healing is unusually
                  | fast. [potion of mutation]
 87469 | Geh:1    | Entered Level 1 of Gehenna
 87980 | Geh:4    | You are sucked into a shaft and drop 2 floors!
 88004 | Geh:7    | Entered Level 7 of Gehenna
 88253 | Geh:7    | Identified the +7 sceptre of Asmodeus
 88253 | Geh:7    | Noticed Asmodeus
 88271 | Geh:7    | Killed Asmodeus
 88275 | Geh:7    | Got an obsidian rune of Zot
 88515 | Tar:1    | Entered Level 1 of Tartarus
 89232 | Tar:7    | Entered Level 7 of Tartarus
 89232 | Tar:7    | Noticed Ereshkigal
 89266 | Tar:7    | Killed Ereshkigal
 89376 | Tar:7    | Got a bone rune of Zot
 89409 | Tar:7    | Identified the cursed +2 mace of Dithmenos's Outrage
                  | {vorpal, rPois}
 89573 | Dis:1    | Entered Level 1 of the Iron City of Dis
 89903 | Dis:7    | Entered Level 7 of the Iron City of Dis
 90125 | Dis:7    | Identified the +4 staff of Dispater
 90125 | Dis:7    | Noticed Dispater
 90155 | Dis:7    | Killed Dispater
 90208 | Dis:7    | Got an iron rune of Zot
 90672 | Zot:5    | Got the Orb of Zot
 91321 | D:$      | Escaped with the Orb!

Illustrated notes

Levels and vault maps discovered:
D:1:      minmay_arrival_widening_spiral_wide, layout_basic
D:2:      layout_loops_ring, nicolae_overflow_crystal_walls, st_stairs_11,
          nrook_campfire, chequers_serial_rivers_micro_b,
          fedhas_altar_fruit_tree, uniq_jessica, uniq_sigmund, uniq_robin,
          uniq_terence
D:3:      layout_basic, tso_metal_star
D:4:      wander_river, layout_basic, lemuel_crystal_altar, first_ration
D:5:      layout_cave_pools, serial_column_ruins, column_ruins_grid_1,
          column_ruins_columns_straight, column_ruins_columns_corner,
          column_ruins_columns_water, hex_medium
D:6:      layout_basic, temple_fountains, uniq_edmund, uniq_pikel
D:7:      layout_basic, cheibrodos_ashenzari_chains, uniq_maggie
D:8:      layout_basic, grunt_temple_overflow_open, enter_ossuary_5, uniq_erica
D:9:      layout_loops_cross, the_bakery
D:10:     layout_loops_corners, zombieorc2_lemuel, uniq_harold
D:11:     layout_gridville, lair_entry_dummy, gauntlet_entry_generic
D:12:     minmay_the_grid_plus_closed [minmay_the_grid_garden,
          minmay_the_grid_eight, minmay_the_grid_tri_star,
          minmay_the_grid_large_cup, minmay_the_grid_prize_big_room],
          layout_grid_maze, chequers_serial_rivers_small_a, uniq_josephine,
          uniq_frances
D:13:     layout_big_octagon, lightli_vaults_fourway_checkpoint, uniq_rupert
D:14:     layout_layer_cave, basic_altar, serial_shops, nicolae_shop_trees,
          infiniplex_staircase_hallway_doors, nicolae_dithmenos_shadow_blocks
D:15:     grunt_enter_depths_hoard, layout_cave_pods, serial_shops, shop,
          lemuel_statue_altar, chequers_serial_rivers_micro_d, uniq_kirke
Temple:   compressed_dpeg_circular_temple
Lair:1:   layout_regular_city, basic_altar
Lair:2:   layout_roguey, grunt_megastairs_5, serial_bayou_shore_a,
          infiniplex_staircase_pool_2
Lair:3:   layout_cave_shapes, minmay_shoals_entry_centaurs, beast_lair_carwin_3
Lair:4:   layout_loops_ring, nicolae_spider_entry_orb_guardian,
          hibernation_bobbens
Lair:5:   layout_regular_city, eino_small_chamber_without_monster,
          chequers_serial_rivers_micro_d
Lair:6:   minmay_lair_end_enchanted_forest, layout_cave_pods, slime_altar_1,
          nicolae_lair_yak_garden, grunt_megastairs_3
Shoals:1: layout_shoals, nicolae_shoals_kraken_intersection
Shoals:2: layout_shoals, serial_shops, shop, shop_statue, uniq_aizul
Shoals:3: layout_shoals
Shoals:4: shoals_end_grunt_ice, layout_shoals
Spider:1: layout_spider_delve, hangedman_spider_tarantella_strand
Spider:2: layout_spider_delve
Spider:3: layout_spider_delve
Spider:4: grunt_spider_rune_circles, minivault_29
Slime:1:  layout_caves
Slime:2:  cheibrodos_slime_lost_civilization_2, layout_caves
Slime:3:  nicolae_slime_jelly_donut, layout_caves
Slime:4:  layout_caves
Slime:5
Orc:1:    layout_diamond_mine, basic_altar, bloody_trog
Orc:2:    st_orc_ogre_mass, layout_caves, basic_altar, nicolae_orc_pool_cavern,
          nicolae_orc_bridge_out, mines4_lemuel
Elf:1:    elf_arrival_001, layout_loops_corners, gammafunk_ghost_split,
          minivault_28
Elf:2:    layout_onion_city, minivault_16, uniq_asterion, uniq_roxanne
Elf:3:    elf_hall, layout_loops_corners, grunt_ministairs_6,
          hangedman_glass_teeth
Vaults:1: nicolae_vaults_little_squares_4, hangedman_vaults_stagger,
          vaults_room_pools, ontoclasm_vaults_tryst, nicolae_vaults_gold_heap,
          nicolae_vaults_diagonal_hallway_8, st_octagons_1,
          vaults_room_semicircle, nicolae_vaults_big_ls, vaults_dpeg_hooks,
          v_misc_18, ontoclasm_vaults_claustrophobia,
          ontoclasm_vaults_loading_screen, grunt_vaults_hallway_long,
          vaults_mumra_minichess, nicolae_vaults_border_crossing,
          layout_vaults_omnicross
Vaults:2: nicolae_vaults_mini_display_case, hangedman_vaults_hat,
          ontoclasm_vaults_spin, ontoclasm_vaults_fault,
          nicolae_vaults_network_s, ontoclasm_vaults_hangar, vaults_room_pools,
          ontoclasm_vaults_misaligned, vaults_room_pools,
          ontoclasm_vaults_decontamination, nicolae_vaults_murderbox,
          layout_vaults_big_room, serial_shops, shop, uniq_donald, uniq_margery
Vaults:3: ontoclasm_vaults_ligature, minmay_crypt_entry_necro_gods,
          nicolae_vaults_puzzle_piece, vaults_room_hallway, v_misc_32, v_misc_9,
          vaults_room_hallway, v_misc_29, layout_vaults_omnigrid,
          infiniplex_enter_wizlab_water, uniq_sojobo
Vaults:4: nicolae_vaults_network_star, v_misc_15, hangedman_vaults_slither,
          vaults_room_boxed, hangedman_vaults_stitches, v_alt_pattern_2,
          nicolae_vaults_twisting_passages, vaults_dpeg_diagonal,
          vaults_mumra_chevron_long, grunt_vaults_diagonal, v_misc_25,
          ontoclasm_vaults_gallery, vaults_room_stairs_pillars, v_misc_22,
          layout_vaults_maze_bifur, serial_shops, shop
Vaults:5: serial_shops
Crypt:1:  layout_misc_corridors, uniq_frederick
Crypt:2:  layout_chaotic_city, uniq_jory
Crypt:3:  lightli_unholy_cathedral, layout_chaotic_city,
          tomb_entry_moat_badplayer, ebering_ghost_xom, uniq_saint_roka
Tomb:1
Tomb:2
Tomb:3
Depths:1: layout_cave_pools, enter_ziggurat_a, hell_entry, minmay_door_square,
          minmay_misc_feat_room, hangedman_eye_storm, uniq_bai_suzhen, uniq_mara
Depths:2: hangedman_crystal_crosses_colossus [crystal_crosses_arms_four,
          crystal_crosses_arms_four, crystal_crosses_arms_two,
          crystal_crosses_arms_one], pan_entry, hell_entry
Depths:3: minmay_box_of_statues, layout_basic, grunt_metal_band, pan_entry
Depths:4: grunt_forest_end_winery, layout_basic, hell_entry,
          chequers_serial_rivers_room_a, abyss_entry_flame_altar,
          grunt_decor_clamped
Depths:5: evilmike_zot_entry_round, layout_cave_shapes,
          minmay_misc_feat_nine_boxes, hell_entry, serial_shops,
          nicolae_shop_temple_entry_statues_fountains, minmay_shop_grove
Hell
Dis:1:    layout_subdivisions
Dis:2:    layout_overlapping_boxes
Dis:3:    layout_jigsaw
Dis:4:    layout_regular_city
Dis:5:    layout_gridville
Dis:6:    layout_chaotic_city
Dis:7:    iron_city_of_dis [dis_mu, dis_wall_2], layout_chaotic_city
Geh:1:    layout_gehenna_pools_triple
Geh:2:    layout_gehenna_lava_caves, special_room [special_room_morgue]
Geh:3:    layout_gehenna_pools_triple, gehenna_fire_generator
Geh:4:    layout_gehenna_pools_box
Geh:6:    layout_gehenna_pools_basic, lemuel_hellion_isle
Geh:7:    geh_old
Coc:1:    layout_ice_bergs
Coc:2:    layout_ice_bergs
Coc:3:    layout_cocytus_water_paths
Coc:4:    layout_cocytus_water_paths
Coc:5:    layout_cocytus_delve
Coc:6:    layout_ice_bergs, door_vault
Coc:7:    coc_dpeg
Tar:1:    layout_honeycomb
Tar:2:    layout_grid_maze
Tar:3:    layout_grid_maze
Tar:4:    layout_honeycomb
Tar:5:    layout_cathedral_of_symmetry
Tar:6:    layout_cathedral_of_symmetry, lemuel_nasty_pond
Tar:7:    tar_grunt_cathedral
Zot:1:    layout_concentric_octagons
Zot:2:    gammafunk_sealed_arena, layout_twisted_circle, basic_altar
Zot:3:    layout_basic
Zot:4:    layout_gridlike, nzn_random_ring, lemuel_elevator
Zot:5:    layout_basic, hangedman_zot_diagonal_lockstep

Skill      XL: |  1  2  3  4  5  6  7  8  9 10 11 12 13 14 15 16 17 18 19 20 21 22 23 24 25 26 27 |
---------------+----------------------------------------------------------------------------------+-----
Axes           | 2 3 4 6 7 8 9 10 11 12 14 15 16 17 18 23 | 23.0
Maces & Flails | 1 2 3 4 6 7 8 10 11 12 13 | 13.0
Fighting       | 4 5 6 7 8 9 10 11 12 13 14 15 16 17 18 19 20 27 | 27.0
Armour         | 4 5 6 7 8 9 10 11 12 13 14 15 16 17 18 20 22 23 27 | 27.0
Shields        | 4 5 6 7 8 9 10 11 12 13 14 15 16 17 18 19 21 27 | 27.0
Invocations    | 3 6 7 9 10 27 | 27.0
Dodging        | 2 4 7 9 10 22 | 22.0

Action                   |  1- 3 |  4- 6 |  7- 9 | 10-12 | 13-15 | 16-18 | 19-21 | 22-24 | 25-27 || total
-------------------------+-------+-------+-------+-------+-------+-------+-------+-------+-------++-------
Melee: War axe           |    86 |   114 |   466 |       |       |   160 |  1108 |       |       ||  1934
       Flail             |       |    12 |    38 |       |       |       |       |       |       ||    50
       Broad axe         |       |       |    81 |   769 |  1670 |  1914 |   310 |  1972 |  6294 || 13010
Invok: Heroism           |       |       |     2 |     7 |     8 |    13 |       |     3 |       ||    33
       Finesse           |       |       |       |       |     1 |     5 |     8 |     9 |     9 ||    32
       Cleansing Flame   |       |       |       |       |       |       |       |       |   147 ||   147
       Divine Shield     |       |       |       |       |       |       |       |       |    14 ||    14
       Summon Divine War |       |       |       |       |       |       |       |       |     6 ||     6
       Brand Weapon With |       |       |       |       |       |       |       |       |     1 ||     1
 Abil: Fly               |       |       |       |       |     1 |     1 |       |       |       ||     2
       Stop Flying       |       |       |       |       |       |     1 |       |       |       ||     1
Evoke: Wand              |       |       |       |     2 |       |    12 |     2 |       |     2 ||    18
  Use: Scroll            |     1 |     3 |    10 |    13 |     8 |    14 |     7 |     7 |    63 ||   126
       Potion            |       |     1 |     1 |       |     2 |     3 |     2 |     2 |    43 ||    54
 Stab: Paralysed         |       |       |       |       |       |     3 |       |       |       ||     3
       Held in net/web   |       |       |       |       |       |     6 |       |       |       ||     6
       Distracted        |       |       |       |       |       |       |     1 |     2 |     1 ||     4
  Eat: Chunk             |     1 |     4 |    18 |    26 |    37 |    46 |    31 |    31 |    36 ||   230
       Ration            |       |       |     1 |     2 |       |     1 |       |     1 |    30 ||    35
Armor: Scale mail        |    36 |    77 |   230 |       |       |       |       |       |       ||   343
       Plate armour      |       |       |    15 |   274 |   920 |  1396 |   539 |       |       ||  3144
       Chain mail        |       |       |    20 |   175 |       |       |       |       |       ||   195
       Gold dragon scale |       |       |       |       |       |       |   178 |   812 |  2693 ||  3683
Dodge: Dodged            |    27 |    46 |   133 |   156 |   304 |   604 |   323 |   423 |  1445 ||  3461
Block: Kite shield       |    56 |    75 |   272 |   471 |  1014 |   579 |   391 |  1192 |  1571 ||  5621
       Buckler           |       |       |       |       |       |   687 |   290 |       |       ||   977
       Reflection        |       |       |       |       |       |    12 |    41 |       |       ||    53
       Tower shield      |       |       |       |       |       |       |       |       |  4340 ||  4340
